 Dungeon Crawl Stone Soup version 0.25.1-8-g42b30a86e7 (webtiles) character file.

Game seed: 1304268578311938728

6433 H0rd4k the Thaumaturge (level 10, -1/50 HPs)
             Began as a Deep Elf Wizard on Dec 4, 2020.
             Was an Initiate of Gozag.
             Killed from afar by a deep elf mage (9 damage)
             ... with a stone arrow
             ... in a bailey on Dec 8, 2020.
             The game lasted 00:32:56 (13317 turns).

H0rd4k the Thaumaturge (Deep Elf Wizard)           Turns: 13317, Time: 00:32:58

Health: -1/50      AC:  7    Str:  4      XL:     10   Next: 67%
Magic:  12/30      EV: 15    Int: 35      God:    Gozag
Gold:   370        SH:  5    Dex: 15 (19) Spells: 25/37 levels left

rFire    . . .     SeeInvis .   y - +8 trident of the Octopus King {venom, rElec rPois MR+}
rCold    + . .     Gourm    .   (no shield)
rNeg     . . .     Faith    .   u - +2 robe {MR+}
rPois    +         Spirit   .   b - +0 hat
rElec    +         Reflect  +   (no cloak)
rCorr    .         Harm     .   E - +2 pair of gloves
MR       +++..                  (no boots)
Stlth    +++.......             M - amulet of reflection
HPRegen  0.16/turn              T - ring of Sacze Ufa {+Inv rC+ Int+2 Dex+6}
MPRegen  0.22/turn              t - +6 ring of intelligence

@: very slightly contaminated
A: no striking features
a: Potion Petition, Call Merchant, Bribe Branch, Renounce Religion, Evoke
Invisibility


You were in a bailey.
You worshipped Gozag.
Gozag was aware of your devotion.
You were not hungry.

You visited 2 branches of the dungeon, and saw 13 of its levels.
You also visited: Bailey.

You collected 1178 gold pieces.
You spent 724 gold pieces at shops.
You paid 84 gold pieces to Gozag.

Inventory:

Hand Weapons
 y - the +8 trident of the Octopus King (weapon) {venom, rElec rPois MR+}
   (You found it on level 6 of the Dungeon)

   It poisons the flesh of those it strikes.
   It insulates you from electricity.
   It protects you from poison.
   It affects your resistance to hostile enchantments.
 A - the +0 trident "Gofihaja" {freeze, MR+ Str+5 Dex-2}
   (You found it on level 6 of the Dungeon)

   It has been specially enchanted to freeze those struck by it, causing extra
   injury to most foes and up to half again as much damage against particularly
   susceptible opponents.
   It can also slow down cold-blooded creatures.
   It affects your strength (+5).
   It affects your dexterity (-2).
   It affects your resistance to hostile enchantments.
 F - a +2 demon trident of venom
 G - the +2 great sword of the Saving Madman {elec, Dex+3}
   (You found it on level 8 of the Dungeon)

   Occasionally, upon striking a foe, it will discharge some electrical energy
   and cause terrible harm.
   It affects your dexterity (+3).
 I - the +5 rapier of the Heart {vorpal, rElec}
   (You found it on level 8 of the Dungeon)

   It inflicts extra damage upon your enemies.
   It insulates you from electricity.
 K - a +1 dagger of draining
 O - the +6 trident "Fuunwa Penu" {flame, rElec Int-4 Dex+4}
   (You bought it in a shop on level 5 of the Dungeon)

   It has been specially enchanted to burn those struck by it, causing extra
   injury to most foes and up to half again as much damage against particularly
   susceptible opponents.
   It affects your intelligence (-4).
   It affects your dexterity (+4).
   It insulates you from electricity.
Armour
 b - a +0 hat (worn)
 i - the +0 robe of Fiexam {*Slow rElec rF- Dex+4}
   (You found it on level 6 of the Dungeon)

   It affects your dexterity (+4).
   It makes you vulnerable to fire.
   It insulates you from electricity.
   It may slow you when you take damage.
 u - a +2 robe of magic resistance (worn)
 E - a +2 pair of gloves (worn)
Jewellery
 t - a +6 ring of intelligence (right hand)
 x - the ring "Cusul" {Int+7 Stlth-}
   (You found it on level 5 of the Dungeon)

   [ring of attention]

   It affects your intelligence (+7).
   It makes you less stealthy.
 M - an amulet of reflection (around neck)
 N - an uncursed ring of see invisible
 P - an uncursed ring of ice
 T - the ring of Sacze Ufa (left hand) {+Inv rC+ Int+2 Dex+6}
   (You found it on level 10 of the Dungeon)

   [ring of dexterity]

   It affects your intelligence (+2).
   It affects your dexterity (+6).
   It protects you from cold.
   It lets you turn invisible.
Wands
 v - a wand of polymorph (22)
 z - a wand of random effects (12)
Scrolls
 a - 2 scrolls of enchant weapon
 e - a scroll of teleportation
 g - 2 scrolls of fear {unknown}
 k - 3 scrolls of remove curse
 l - a scroll of noise {unknown}
 m - a scroll of fog
 n - 5 scrolls of magic mapping
 q - 2 scrolls of amnesia {unknown}
 s - a scroll of immolation {unknown}
 B - a scroll of holy word {unknown}
 H - 2 scrolls of enchant armour {unknown}
 J - a scroll of identify
 Q - a scroll of vulnerability {unknown}
Potions
 c - 7 potions of curing
 f - 3 potions of invisibility
 h - a potion of flight
 j - 2 potions of magic
 o - 2 potions of lignification
 p - 2 potions of stabbing
 r - 2 potions of heal wounds
 C - 2 potions of berserk rage {unknown}
 D - a potion of brilliance {unknown}
 L - a potion of mutation {unknown}
 R - a potion of might {unknown}
 U - a potion of haste {unknown}
Comestibles
 d - 23 rations


   Skills:
 + Level 5.3 Dodging
 + Level 5.1 Stealth
 + Level 14.0 Spellcasting
 + Level 10.0 Conjurations
   Level 1.1 Summonings
 + Level 2.9 Translocations
 + Level 3.9 Fire Magic
 + Level 2.3 Air Magic
 + Level 2.9 Poison Magic
 + Level 0.4 Evocations


You had 25 spell levels left.
You knew the following spells:

 Your Spells              Type           Power        Failure   Level  Hunger
a - Magic Dart            Conj           ####         1%          1    None
b - Blink                 Tloc           N/A          1%          2    None
c - Conjure Flame         Conj/Fire      ######..     1%          3    None
d - Mephitic Cloud        Conj/Pois/Air  ######..     1%          3    None
e - Gell's Gravitas       Tloc           #####.....   1%          3    None

Your spell library contained the following spells:

 Spells                   Type           Power        Failure   Level  Hunger
 Call Imp                 Summ           ####....     1%          2    None
 Slow                     Hex            ###.....     2%          2    None
 Confusing Touch          Hex            ###.....     4%          3    None
 Petrify                  Tmut/Erth      ###.....     16%         4    None
 Metabolic Englaciation   Hex/Ice        ###.......   41%         5    None
 Yara's Violent Unravell  Hex/Tmut       ###.......   41%         5    None


Dungeon Overview and Level Annotations

Branches:
Dungeon (12/15)            Temple (1/1) D:5            Lair (0/6) D:9
    Orc (0/2) D:11         Bailey (1/1)

Altars:
Ashenzari
Cheibriados
Dithmenos
Fedhas
Gozag
Hepliaklqana
Kikubaaqudgha
Makhleb
Okawaru
Sif Muna
Trog
Uskayaw
Wu Jian
The Shining One

Shops:
D:5 *

Annotations:
D:3 exclusion: downstairs
D:5 exclusion: downstairs
D:8 exclusion: downstairs
D:12 exclusion: upstairs


Message History

You blink.
The deep elf mage hits you with a +1 vorpal long sword.
* * * LOW HITPOINT WARNING * * *
x2 Unknown command.
A deep elf mage comes into view. It is wielding a +0 short sword.
The deep elf mage hits you but does no damage.
The deep elf mage casts a spell.
Okay, then.
Unknown command.
Okay, then.
Unknown command.
Blink to where?
Press: ? - help, Dir - move target cursor, p - swamp dragon You are very lightly contaminated with residual magic.
As you read the scroll of blinking, it crumbles to dust.
The deep elf mage misses you.
The deep elf mage points at you and mumbles some strange words.
The stone arrow hits you!
You die...
Your body crumbles into a pile of gold.

#####
##...######
#..∩..##..##
#.....#....#
##...##..§.#
####'##D.##
##..e###
#.....#
#.4@..#
#.e...#
#e...##
#'##### ..#
$ .... $
#.... $
#.... ##..


You could see a swamp dragon, a hellwing (summoned) and 3 deep elf magi.

Vanquished Creatures
  A hydra (D:9)
  Maggie (D:6)
  A troll (D:9)
  Grinder (D:6)
  2 dream sheep (D:9)
  A hippogriff (D:8)
  7 yaks
  Eustachio (D:4)
  A hungry ghost (D:7)
  A black bear (D:6)
  A hornet zombie (D:8)
  A sky beast (D:5)
  An eye of draining (D:5)
  An orc warrior (D:8)
  2 ogres
  A necrophage (D:9)
  2 centaurs
  3 big kobolds (D:9)
  A crocodile (D:7)
  Blork the orc (D:6)
  4 bullfrogs
  A wyvern zombie (D:11)
  A wyvern skeleton (D:6)
  3 scorpions
  A water moccasin skeleton (D:6)
  4 wights (D:6)
  2 howler monkeys
  5 crimson imps
  A quasit (D:11)
  A centaur skeleton (D:4)
  A jelly (D:5)
  5 hounds
  3 orc priests
  A gnoll shaman (D:8)
  2 bullfrog skeletons
  Jessica (D:2)
  4 iguanas
  5 orc wizards
  2 worker ants
  A hound zombie (D:2)
  4 gnolls (D:8)
  A howler monkey skeleton (D:4)
  9 adders
  2 shadow imps
  An ooze (D:2)
  3 adder skeletons
  4 adder zombies (D:2)
  A worm (D:4)
  2 dart slugs
  4 leopard geckos
  26 orcs
  2 bat skeletons (D:2)
  5 giant cockroaches
  10 goblins
  8 hobgoblins
  7 quokkas
  A ball python (D:5)
  9 bats
  4 frilled lizards
  A giant cockroach zombie (D:5)
  A jackal skeleton (D:4)
  7 kobolds
  A leopard gecko skeleton (D:2)
  A quokka skeleton (D:6)
  4 rats
197 creatures vanquished.

Vanquished Creatures (collateral kills)
  A cyclops (D:11)
1 creature vanquished.

Grand Total: 198 creatures vanquished

Notes
Turn   | Place    | Note
-------+----------+-------------------------------------------
     0 | D:1      | H0rd4k the Deep Elf Wizard began the quest for the Orb.
     0 | D:1      | Reached XP level 1. HP: 10/10 MP: 7/7
   329 | D:1      | Reached skill level 5 in Spellcasting
   329 | D:1      | Reached XP level 2. HP: 15/15 MP: 3/10
  1184 | D:2      | Reached XP level 3. HP: 19/19 MP: 1/12
  1188 | D:2      | Learned a level 2 spell: Blink
  1192 | D:2      | Learned a level 3 spell: Conjure Flame
  1196 | D:2      | Learned a level 3 spell: Mephitic Cloud
  1528 | D:2      | Noticed Jessica
  1533 | D:2      | Killed Jessica
  1533 | D:2      | Reached skill level 1 in Fire Magic
  1533 | D:2      | Reached XP level 4. HP: 24/24 MP: 8/13
  2030 | D:2      | Reached skill level 6 in Spellcasting
  2030 | D:2      | Reached skill level 1 in Poison Magic
  2259 | D:3      | Reached skill level 1 in Air Magic
  2259 | D:3      | Reached XP level 5. HP: 26/28 MP: 3/15
  2676 | D:3      | Found an ornate altar of the Wu Jian Council.
  3831 | D:4      | Reached XP level 6. HP: 32/32 MP: 11/17
  3913 | D:4      | Noticed Eustachio
  3928 | D:4      | Killed Eustachio
  3928 | D:4      | Reached skill level 7 in Spellcasting
  4334 | D:5      | Entered Level 5 of the Dungeon
  4430 | D:4      | Reached XP level 7. HP: 20/36 MP: 10/20
  4603 | D:5      | Found a staircase to the Ecumenical Temple.
  4814 | D:5      | Reached skill level 8 in Spellcasting
  5044 | D:5      | Reached skill level 5 in Conjurations
  5192 | D:5      | Reached skill level 9 in Spellcasting
  5363 | D:5      | Found Cerok's Assorted Antiques.
  5436 | D:5      | Got a smoking platinum ring
  5494 | D:5      | Reached XP level 8. HP: 39/41 MP: 17/23
  6030 | D:6      | Noticed Grinder
  6035 | D:6      | Paralysed by Grinder for 3 turns
  6048 | D:6      | Killed Grinder
  6052 | D:6      | Reached skill level 10 in Spellcasting
  6326 | Temple   | Entered the Ecumenical Temple
  6371 | Temple   | Became a worshipper of Gozag Ym Sagoz the Greedy
  6405 | D:5      | Identified the ring "Cusul" {Int+7 Stlth-} (You found it on
                  | level 5 of the Dungeon)
  6951 | D:6      | Got a faintly humming robe
  7000 | D:6      | Noticed Blork the orc
  7010 | D:6      | Killed Blork the orc
  7027 | D:6      | Reached skill level 11 in Spellcasting
  7030 | D:6      | Reached XP level 9. HP: 21/45 MP: 15/26
  7064 | D:5      | Identified the +0 robe of Fiexam {*Slow rElec rF- Dex+4}
                  | (You found it on level 6 of the Dungeon)
  7249 | D:6      | Found the +8 trident of the Octopus King {venom, rElec
                  | rPois MR+}
  7368 | D:6      | Noticed Maggie
  7392 | D:6      | Killed Maggie
  7551 | D:6      | Found a glowing golden altar of the Shining One.
  7933 | D:6      | Got a twisted trident
  8009 | D:6      | Reached skill level 12 in Spellcasting
  8914 | D:7      | Found a shadowy altar of Dithmenos.
  9028 | D:7      | Found a shimmering blue altar of Sif Muna.
  9028 | D:7      | Found a hazy altar of Hepliaklqana.
  9175 | D:7      | Identified the cursed +0 trident "Gofihaja" {freeze, MR+
                  | Str+5 Dex-2} (You found it on level 6 of the Dungeon)
 10011 | D:8      | Reached skill level 5 in Dodging
 10103 | D:8      | Got a polished great sword
 10130 | D:8      | Got a warped rapier
 10430 | D:9      | Found a shattered altar of Ashenzari.
 10431 | D:9      | Found a bloodstained altar of Trog.
 10518 | D:9      | Noticed a troll
 10659 | D:9      | Killed a troll
 10659 | D:9      | Reached XP level 10. HP: 50/50 MP: 13/28
 10880 | D:9      | Found a staircase to the Lair.
 11138 | D:9      | Reached skill level 13 in Spellcasting
 11406 | D:9      | Found an iron altar of Okawaru.
 11562 | D:9      | Reached skill level 5 in Stealth
 11869 | D:9      | Noticed a two-headed hydra
 12034 | D:9      | Killed a two-headed hydra
 12355 | D:5      | Bought a bubbling brown potion for 27 gold pieces
 12355 | D:5      | Bought a square bronze amulet for 155 gold pieces
 12355 | D:5      | Bought a peridot ring for 155 gold pieces
 12355 | D:5      | Bought a scroll of identify for 62 gold pieces
 12355 | D:5      | Bought an iridescent trident for 263 gold pieces
 12355 | D:5      | Bought a scroll of identify for 62 gold pieces
 12355 | D:5      | Identified the +5 rapier of the Heart {vorpal, rElec} (You
                  | found it on level 8 of the Dungeon)
 12356 | D:5      | Identified the +6 trident "Fuunwa Penu" {flame, rElec Int-4
                  | Dex+4} (You bought it in a shop on level 5 of the Dungeon)
 12357 | D:5      | Identified the +2 great sword of the Saving Madman {elec,
                  | Dex+3} (You found it on level 8 of the Dungeon)
 12492 | D:10     | Entered Level 10 of the Dungeon
 12815 | D:10     | Got a pitted pewter ring
 12817 | D:10     | Identified the ring of Sacze Ufa {+Inv rC+ Int+2 Dex+6}
                  | (You found it on level 10 of the Dungeon)
 12937 | D:10     | You fall into a shaft and drop 2 floors!
 13036 | D:12     | Noticed a four-headed hydra
 13121 | D:11     | Reached skill level 14 in Spellcasting
 13133 | D:11     | Noticed a cyclops
 13139 | D:11     | Killed a cyclops
 13139 | D:11     | Reached skill level 10 in Conjurations
 13152 | D:11     | Found a flagged portal.
 13287 | Bailey   | Entered a bailey
 13293 | Bailey   | Learned a level 3 spell: Gell's Gravitas
 13302 | Bailey   | Noticed a deep elf mage
 13307 | Bailey   | Noticed a deep elf mage
 13310 | Bailey   | Noticed a swamp dragon
 13310 | Bailey   | a deep elf mage changed into a swamp dragon
 13311 | Bailey   | Noticed a deep elf mage
 13314 | Bailey   | Noticed a deep elf mage
 13317 | Bailey   | Killed from afar by a deep elf mage

Illustrated notes

Levels and vault maps discovered:
D:1:      dpeg_arrival_rooms_a, layout_basic, minmay_crystal_room,
          serial_bayou_pond_b
D:2:      layout_basic, serial_undead, serial_undead_a, serial_undead_a,
          serial_undead_f, serial_undead_e, serial_undead_c, serial_undead_a,
          serial_undead_c, serial_undead_a, kennysheep_jessica_study
D:3:      corexii_shack_village, layout_rooms, lemuel_doored_altar,
          minmay_misc_feat_tower
D:4:      layout_cave_pods, uniq_eustachio
D:5:      kennysheep_big_flooded_room, layout_basic, minmay_temple_entry_wispy,
          serial_shops, nicolae_shop_overgrown_old_shop, first_ration
D:6:      layout_basic, tso_altar, uniq_blork_the_orc, uniq_maggie, uniq_grinder
D:7:      layout_basic, gammafunk_temple_overflow_wave,
          grunt_dithmenos_smoke_and_mirrors
D:8:      layout_basic, minmay_misc_feat_diagonals
D:9:      layout_irregular_city, okawaru_trees_2,
          chequers_temple_overflow_statue_of_worship, lair_entry_dummy,
          hangedman_ranch [blue_anna_fruit_fields]
D:10:     layout_loops_cross
D:11:     layout_roguey, erik_orc_3, enter_bailey_3, minmay_orc_keep
D:12:     layout_layer_cave, minmay_misc_feat_secret_circle, lemuel_angel_altar
Temple:   regret_index_temple_sphere_string
Bailey:   bailey_polearm_3, bailey

Skill      XL: |  1  2  3  4  5  6  7  8  9 10 |
---------------+-------------------------------+-----
Spellcasting   | 5 6 7 9 11 12 14 | 14.0
Fire Magic     | 1 2 3 |  3.9
Conjurations   | 2 3 4 5 7 9 10 | 10.0
Poison Magic   | 1 2 |  2.9
Dodging        | 3 4 5 |  5.3
Air Magic      | 1 2 |  2.3
Stealth        | 3 4 5 |  5.1
Translocations | 2 |  2.9
Summonings     | |  1.1
Evocations     | |  0.4

Action                   |  1- 3 |  4- 6 |  7- 9 | 10-12 || total
-------------------------+-------+-------+-------+-------++-------
Melee: Unarmed           |       |       |     1 |       ||     1
 Cast: Magic Dart        |    93 |   146 |   349 |   158 ||   746
       Conjure Flame     |       |     6 |    32 |    10 ||    48
       Mephitic Cloud    |       |     5 |    13 |     6 ||    24
       Blink             |       |     1 |     7 |    15 ||    23
Evoke: Wand              |       |       |       |    18 ||    18
       Phantom mirror    |       |       |       |     1 ||     1
  Use: Scroll            |       |       |     9 |    12 ||    21
       Potion            |       |       |     1 |     2 ||     3
  Eat: Chunk             |     2 |     8 |     4 |       ||    14
       Ration            |       |       |     5 |     2 ||     7
Armor: Robe              |     8 |     2 |    13 |    32 ||    55
Dodge: Dodged            |    16 |    21 |    57 |    91 ||   185
Block: Other             |       |       |       |    24 ||    24
